[Event "Sunday07 January Rapid Engine Tour 12+1 Rounds 9 Starts 1600 ST"]
[Site "Infinity Chess"]
[Date "2018.1.7"]
[Round "4"]
[White "Gilgamesch"]
[Black "SkyPilot"]
[Result "1/2-1/2"]
[ECO "E10"]
[WhiteElo "2475"]
[BlackElo "2489"]
[WhiteEngine "BrainFish_171005_x64_bmi2"]
[BlackEngine "stockfish_x64_bmi2_2018_01_01_CTG"]
[EventType "Swiss"]
[WhiteTeam ""]
[BlackTeam ""]
[PlyCount "104"]
[TimeControl "720+1"]

1. d4 Nf6 2. c4 e6 3. Nf3 d5 4. Nc3 Be7 5. Bf4 O-O 6. e3 Nbd7 7. a3 c5 
8. cxd5 Nxd5 9. Nxd5 exd5 10. dxc5 Nxc5 11. Be5 Bf5 12. Be2 Bf6 13. Rc1 Bxe5 
14. Nxe5 Rc8 15. O-O Qf6 16. b4 Qxe5 17. bxc5 Be4 18. f3 Bf5 19. Qd4 Qe7 
20. Rc3 Rfd8 21. Rfc1 Bd7 22. a4 Bc6 23. f4 Qc7 24. Bf3 h6 25. Rd3 Qa5 
26. h4 Qxa4 27. Qxa4 Bxa4 28. Rxd5 Rxd5 29. Bxd5 Bc6 30. e4 a5 31. Kf2 a4 
32. Bxc6 Rxc6 33. Ra1 Ra6 34. Ke3 a3 35. Kd4 a2 36. Kc3 Ra8 37. Kb3 Rc8 
38. Rxa2 Rxc5 39. g3 Kf8 40. Ra8+ Ke7 41. g4 h5 42. g5 Rc1 43. f5 Rh1 
44. Rb8 Rxh4 45. Rxb7+ Kd6 46. Rxf7 Rxe4 47. Rxg7 Rf4 48. f6 Ke6 49. g6 Rxf6 
50. Rg8 Rf3+ 51. Kb4 Rf4+ 52. Kc3 Rf3+ 1/2-1/2

[Event "Sunday07 January Rapid Engine Tour 12+1 Rounds 9 Starts 1600 ST"]
[Site "Infinity Chess"]
[Date "2018.1.7"]
[Round "4"]
[White "fati64"]
[Black "Victorious"]
[Result "1/2-1/2"]
[ECO "C77"]
[WhiteElo "2493"]
[BlackElo "2501"]
[WhiteEngine "Raubfisch ME262_GTZ16b1."]
[BlackEngine "Houdini 6"]
[EventType "Swiss"]
[WhiteTeam ""]
[BlackTeam ""]
[PlyCount "117"]
[TimeControl "720+1"]

1. e4 e5 2. Nf3 Nc6 3. Bb5 a6 4. Ba4 Nf6 5. O-O Be7 6. Re1 b5 7. Bb3 O-O 
8. c3 d5 9. exd5 Nxd5 10. Nxe5 Nxe5 11. Rxe5 c6 12. Re1 Bd6 13. d3 Bf5 
14. Qf3 Qh4 15. g3 Qh3 16. Be3 Bxd3 17. Nd2 Qf5 18. a4 h6 19. Bd4 Rae8 
20. Kg2 Qxf3+ 21. Kxf3 Rxe1 22. Rxe1 bxa4 23. Bxa4 c5 24. Be5 Bxe5 25. Rxe5 Nb6 
26. Be8 Bc4 27. Nxc4 Nxc4 28. Rxc5 Nxb2 29. Bd7 Rd8 30. Rc7 Kf8 31. Ke2 g6 
32. f3 g5 33. f4 gxf4 34. gxf4 a5 35. Ra7 Nc4 36. Bb5 Nb6 37. Rxa5 Nd5 
38. Kd3 Nxf4+ 39. Ke4 Ne6 40. Bc4 Rd2 41. Rh5 Kg7 42. Bxe6 fxe6 43. c4 Kg6 
44. Rh3 Re2+ 45. Kd3 Ra2 46. Kd4 Rd2+ 47. Kc3 Rd8 48. c5 e5 49. Kc4 e4 
50. c6 Re8 51. Kd4 Kf5 52. c7 Rc8 53. Rxh6 Rxc7 54. Rh5+ Kf4 55. Rh4+ Kf3 
56. Rh3+ Kf4 57. Rh4+ Kf3 58. Rh3+ Kf4 59. Rh4+ 1/2-1/2

[Event "Sunday07 January Rapid Engine Tour 12+1 Rounds 9 Starts 1600 ST"]
[Site "Infinity Chess"]
[Date "2018.1.7"]
[Round "4"]
[White "xeonrocks"]
[Black "THE_MACHINE"]
[Result "1/2-1/2"]
[ECO "C50"]
[WhiteElo "2512"]
[BlackElo "2522"]
[WhiteEngine "asmFishW_CTG"]
[BlackEngine "BrainFish_180106_x64_bmi2"]
[EventType "Swiss"]
[WhiteTeam ""]
[BlackTeam ""]
[PlyCount "171"]
[TimeControl "720+1"]

1. e4 e5 2. Nf3 Nc6 3. Bc4 Bc5 4. O-O Nf6 5. d3 d6 6. c3 O-O 7. Nbd2 a5 
8. Re1 Ba7 9. h3 Be6 10. Bb5 Ne7 11. d4 Ng6 12. Ba4 Nh5 13. Nf1 exd4 
14. Nxd4 Nhf4 15. Ng3 Bxd4 16. cxd4 d5 17. Qf3 Qh4 18. Bc2 c6 19. Bxf4 Qxf4 
20. Qxf4 Nxf4 21. e5 f6 22. Ne2 fxe5 23. Nxf4 Rxf4 24. Rxe5 Bf7 25. Rd1 Re8 
26. Rxe8+ Bxe8 27. g3 Rf6 28. Re1 Kf7 29. a3 g6 30. f4 Re6 31. Rxe6 Kxe6 
32. Kf2 b6 33. Ke3 c5 34. g4 Bd7 35. h4 Kf7 36. Bd1 Bb5 37. Bb3 c4 38. Bd1 Be8 
39. a4 b5 40. Bf3 Ke6 41. axb5 Bxb5 42. g5 Bd7 43. Kd2 Kd6 44. Ke3 Ke6 
45. Ke2 Bc6 46. Bg4+ Kd6 47. Kd2 Bd7 48. Bd1 Be6 49. b3 cxb3 50. Bxb3 Bf5 
51. Ba4 Ke6 52. Bc6 Be4 53. Ke3 Kd6 54. Bb5 Ke7 55. Ke2 Ke6 56. Ke3 Kd6 
57. Ke2 Bf5 58. Kd2 Be6 59. Kc2 Bd7 60. Bf1 Bg4 61. Kb3 Kc6 62. Ka4 Kb6 
63. Kb3 Kc7 64. Bb5 Kd6 65. Bf1 Kc7 66. Kb2 Kc6 67. Ba6 Kd7 68. Kb3 Bd1+ 
69. Ka2 Bg4 70. Bb7 Bf3 71. Kb2 Kc7 72. Ba6 Bg4 73. Bf1 Kd7 74. Ka3 Ke6 
75. Kb3 Kd7 76. Ka4 Ke6 77. Kxa5 Kf5 78. Kb4 Kxf4 79. Kc5 Kg3 80. h5 gxh5 
81. Kxd5 h4 82. Ke5 h3 83. Bxh3 Bxh3 84. Kf6 Bg2 85. g6 hxg6 86. Kxg6 1/2-1/2

[Event "Sunday07 January Rapid Engine Tour 12+1 Rounds 9 Starts 1600 ST"]
[Site "Infinity Chess"]
[Date "2018.1.7"]
[Round "4"]
[White "Harry_Potter"]
[Black "KRAKEN"]
[Result "1/2-1/2"]
[ECO "C77"]
[WhiteElo "2542"]
[BlackElo "2468"]
[WhiteEngine "stockfish_18010422_x64_bmi2_CTG"]
[BlackEngine "Raubfisch X37b2_CTG"]
[EventType "Swiss"]
[WhiteTeam ""]
[BlackTeam ""]
[PlyCount "155"]
[TimeControl "720+1"]

1. e4 e5 2. Nf3 Nc6 3. Bb5 a6 4. Ba4 Nf6 5. d3 Bc5 6. O-O b5 7. Bb3 d6 8. c3 h6 
9. a4 Bd7 10. Bc2 O-O 11. h3 Ba7 12. Re1 Re8 13. Nbd2 b4 14. Nf1 Na5 15. d4 c5 
16. d5 Rb8 17. cxb4 Rxb4 18. Ra2 c4 19. Bd2 Rb7 20. Ne3 Qc7 21. Bxa5 Qxa5 
22. Nxc4 Qc5 23. Qe2 Reb8 24. b3 Nh5 25. Nfd2 Nf4 26. Qf3 g6 27. Bd1 Rf8 
28. Rc2 Qb4 29. Qc3 Qxc3 30. Rxc3 Bc5 31. Rf1 Bb4 32. Rc2 Rc7 33. h4 Nd3 
34. Be2 Nf4 35. Bd1 Nd3 36. h5 Kg7 37. Kh2 Bc5 38. Be2 Nf4 39. Bd1 Nd3 
40. Bf3 Rcc8 41. Nb2 Nxb2 42. Rxb2 gxh5 43. Bxh5 f5 44. Be2 a5 45. Bd3 Bb4 
46. Nc4 fxe4 47. Bxe4 Rf4 48. Re2 Rh4+ 49. Kg1 Bxa4 50. Nxd6 Bxd6 51. bxa4 Rc4 
52. Bf5 Rxa4 53. Bd7 Rac4 54. Ra2 a4 55. g3 Rhd4 56. Bb5 Rb4 57. Bc6 e4 
58. Rfa1 e3 59. fxe3 Rg4 60. Bxa4 Rbe4 61. Bd1 Rxg3+ 62. Rg2 Rxg2+ 63. Kxg2 Rxe3 
64. Ra6 Rg3+ 65. Kf2 Rg6 66. Be2 Bc5+ 67. Ke1 h5 68. d6 Rxd6 69. Rxd6 Bxd6 
70. Kd2 Bf4+ 71. Kd1 h4 72. Bf1 Kf6 73. Be2 h3 74. Bf1 h2 75. Bg2 Ke5 
76. Bh1 Kf6 77. Bg2 h1=Q+ 78. Bxh1 1/2-1/2

[Event "Sunday07 January Rapid Engine Tour 12+1 Rounds 9 Starts 1600 ST"]
[Site "Infinity Chess"]
[Date "2018.1.7"]
[Round "3"]
[White "hafaba"]
[Black "NINJA_JENGKA"]
[Result "1/2-1/2"]
[ECO ""]
[WhiteElo "2420"]
[BlackElo "2425"]
[WhiteEngine "SF SL 03012018 POPCNT_CTG"]
[BlackEngine "Houdini 6_CTG"]
[EventType "Swiss"]
[WhiteTeam ""]
[BlackTeam ""]
[PlyCount "110"]
[TimeControl "720+1"]

1. e3 Nf6 2. d4 d5 3. Nf3 e6 4. Bd3 b6 5. b3 Bb7 6. O-O Bd6 7. c4 c5 
8. cxd5 exd5 9. Nc3 O-O 10. Nb5 Be7 11. Bb2 a6 12. Nc3 Bd6 13. Rc1 Re8 
14. Ne2 Nbd7 15. Nf4 Qc7 16. g3 Qc6 17. Kg2 h6 18. Rg1 Rad8 19. h3 g5 20. Ne2 c4 
21. Bf5 b5 22. g4 Bc8 23. h4 Nb6 24. hxg5 Nxg4 25. Nh4 hxg5 26. Nf4 Nh6 
27. Qh5 Bxf4 28. exf4 Bxf5 29. Qxg5+ Kh7 30. Nxf5 Nxf5 31. Qxf5+ Qg6+ 
32. Qxg6+ fxg6 33. Kf3 a5 34. Rg5 Re6 35. Rh1+ Kg7 36. Bc1 cxb3 37. axb3 Rf8 
38. Rhg1 Rff6 39. f5 Kf7 40. Rh1 Rxf5+ 41. Rxf5+ gxf5 42. Rh7+ Kf6 43. Bf4 a4 
44. bxa4 Nxa4 45. Be5+ Rxe5 46. dxe5+ Kxe5 47. Rb7 Nc3 48. Rb8 d4 49. Rd8 b4 
50. Rb8 d3 51. Ke3 Nd1+ 52. Kxd3 Nxf2+ 53. Ke3 Ne4 54. Rb5+ Kf6 55. Kf4 Ke6 
1/2-1/2

[Event "Sunday07 January Rapid Engine Tour 12+1 Rounds 9 Starts 1600 ST"]
[Site "Infinity Chess"]
[Date "2018.1.7"]
[Round "3"]
[White "KillBill2017"]
[Black "MarioDeMonti"]
[Result "1/2-1/2"]
[ECO "B90"]
[WhiteElo "2418"]
[BlackElo "2418"]
[WhiteEngine "Raubfisch ME262_GTZ16b1._CTG"]
[BlackEngine "stockfish_x64_bmi2_2017_12_26_CTG"]
[EventType "Swiss"]
[WhiteTeam ""]
[BlackTeam ""]
[PlyCount "66"]
[TimeControl "720+1"]

1. e4 c5 2. Nf3 d6 3. d4 cxd4 4. Nxd4 Nf6 5. Nc3 a6 6. Be3 e5 7. Nb3 Be6 
8. Qd2 Nbd7 9. f3 h5 10. Nd5 Bxd5 11. exd5 g6 12. Be2 Bg7 13. O-O b6 
14. Rac1 O-O 15. h3 Qc7 16. c4 a5 17. Na1 Nc5 18. Nc2 h4 19. Qe1 Nh5 
20. Qxh4 Bf6 21. Qe1 Qe7 22. Na3 Bg5 23. Qd2 Bf4 24. Bxf4 Nxf4 25. Kh2 Kg7 
26. Nb5 Rh8 27. Rfd1 Rh5 28. Bf1 Rah8 29. Rc3 Qd7 30. Kg1 Rg5 31. Kh2 Rgh5 
32. Kg1 Rg5 33. Kh2 Rgh5 1/2-1/2

[Event "Sunday07 January Rapid Engine Tour 12+1 Rounds 9 Starts 1600 ST"]
[Site "Infinity Chess"]
[Date "2018.1.7"]
[Round "3"]
[White "Satria_Ungu"]
[Black "IronMan"]
[Result "1/2-1/2"]
[ECO "A40"]
[WhiteElo "2437"]
[BlackElo "2399"]
[WhiteEngine "Houdini 6"]
[BlackEngine "Stockfish SL BMI2"]
[EventType "Swiss"]
[WhiteTeam ""]
[BlackTeam ""]
[PlyCount "106"]
[TimeControl "720+1"]

1. d4 e6 2. e4 h6 3. Be3 d5 4. Nd2 dxe4 5. Nxe4 Nf6 6. Nxf6+ Qxf6 7. Nf3 Nc6 
8. Bd3 Bd6 9. O-O e5 10. d5 Nb4 11. Be4 a5 12. c4 b6 13. a3 Na6 14. Bc2 Bg4 
15. Re1 Bh5 16. Bd2 O-O 17. Bc3 Rfe8 18. h3 Nc5 19. Re3 Bxf3 20. Qxf3 Qxf3 
21. gxf3 f6 22. h4 a4 23. Bb4 Nb7 24. Bg6 Red8 25. Rc3 Bc5 26. h5 Nd6 
27. Kg2 Kf8 28. Rc2 Nc8 29. Be4 Ra7 30. Bc3 Nd6 31. Bd3 c6 32. dxc6 Rc7 
33. f4 exf4 34. Rd2 Rxc6 35. Rad1 Rb8 36. Kf3 b5 37. cxb5 Nxb5 38. Bxb5 Rxb5 
39. Rd8+ Kf7 40. R1d7+ Ke6 41. Rxg7 Bxa3 42. Bxf6 Rb3+ 43. Kg4 Bxb2 
44. Bxb2 Rxb2 45. Rg6+ Ke7 46. Rxc6 Kxd8 47. Rxh6 Rxf2 48. Ra6 a3 49. h6 Rh2 
50. h7 Rxh7 51. Ra8+ Kc7 52. Ra7+ Kb6 53. Rxh7 Kc5 1/2-1/2

[Event "Sunday07 January Rapid Engine Tour 12+1 Rounds 9 Starts 1600 ST"]
[Site "Infinity Chess"]
[Date "2018.1.7"]
[Round "3"]
[White "SkyPilot"]
[Black "angriff"]
[Result "1-0"]
[ECO "B00"]
[WhiteElo "2477"]
[BlackElo "2386"]
[WhiteEngine "stockfish_x64_bmi2_2018_01_01_CTG"]
[BlackEngine "SF_64BIT_POPCNT_CTG"]
[EventType "Swiss"]
[WhiteTeam ""]
[BlackTeam ""]
[PlyCount "169"]
[TimeControl "720+1"]

1. e4 Nc6 2. d4 d5 3. e5 Bf5 4. Nf3 e6 5. c3 f6 6. Bb5 Nge7 7. exf6 gxf6 
8. Nh4 Bg6 9. O-O a6 10. Be2 Bf7 11. Nd2 Ng6 12. Ndf3 e5 13. Nxg6 hxg6 
14. dxe5 Nxe5 15. h3 Bd6 16. Be3 c6 17. Nxe5 fxe5 18. f4 e4 19. Bg4 Qh4 
20. Qd4 O-O 21. Rad1 Rae8 22. Qb6 Rb8 23. Rf2 Kh7 24. Rdf1 Rg8 25. Kh1 Rgf8 
26. f5 g5 27. g3 Bxg3 28. Rg2 Bd6 29. c4 dxc4 30. Qd4 Rbd8 31. Qf6 Qh6 
32. Qxh6+ Kxh6 33. h4 Be5 34. hxg5+ Kg7 35. f6+ Kg8 36. g6 Bxg6 37. Be6+ Kh7 
38. f7 Kg7 39. Bf5 Kxf7 40. Rxg6 Rh8+ 41. Kg2 Rdg8 42. Bxe4+ Ke7 43. Rxg8 Rxg8+ 
44. Kf2 Rf8+ 45. Bf3 Kd7 46. Ke2 Kc7 47. Rc1 Rh8 48. Rxc4 Rh2+ 49. Kd3 Rxb2 
50. Rc5 Bd6 51. Rh5 Rh2 52. Ra5 Rb2 53. Be2 Bb4 54. Rh5 Rxa2 55. Rh7+ Kd6 
56. Bg4 Ke5 57. Rh5+ Kf6 58. Bd4+ Kg6 59. Rh8 c5 60. Be5 Rg2 61. Be6 Rg5 
62. Bf4 Rh5 63. Bf7+ Kf5 64. Rxh5+ Kxf4 65. Be6 a5 66. Rf5+ Kg3 67. Ke3 Be1 
68. Rf1 Bc3 69. Rg1+ Kh4 70. Rg2 Be5 71. Kf3 Kh5 72. Ke4 Bc7 73. Bf7+ Kh6 
74. Rg6+ Kh5 75. Rg8+ Kh4 76. Kf3 c4 77. Rg4+ Kh3 78. Rg5 Kh2 79. Be6 c3 
80. Rg2+ Kh1 81. Kf2 c2 82. Bd5 Bg3+ 83. Rxg3+ Kh2 84. Be6 a4 85. Rh3# 1-0

[Event "Sunday07 January Rapid Engine Tour 12+1 Rounds 9 Starts 1600 ST"]
[Site "Infinity Chess"]
[Date "2018.1.7"]
[Round "3"]
[White "miguello"]
[Black "OlivierEvan"]
[Result "1/2-1/2"]
[ECO "D37"]
[WhiteElo "2413"]
[BlackElo "2353"]
[WhiteEngine "asmFishW_2017-11-19_popcnt_CTG"]
[BlackEngine "Houdini 6"]
[EventType "Swiss"]
[WhiteTeam ""]
[BlackTeam ""]
[PlyCount "151"]
[TimeControl "720+1"]

1. d4 d5 2. c4 e6 3. Nc3 Nf6 4. Nf3 Be7 5. Bf4 O-O 6. e3 Nbd7 7. c5 Nh5 
8. Bd3 b6 9. b4 a5 10. a3 c6 11. O-O Nxf4 12. exf4 Ba6 13. Bxa6 Rxa6 14. Qe2 Ra8 
15. g3 Qc7 16. Rfb1 g6 17. Na4 axb4 18. axb4 Ra7 19. Nc3 Rfa8 20. Rxa7 Rxa7 
21. Kg2 Qb7 22. Rb2 Bf6 23. Qd2 Kg7 24. Ra2 Rxa2 25. Nxa2 Bd8 26. Nc1 bxc5 
27. bxc5 Nf6 28. Nd3 Bc7 29. Qb2 Qxb2 30. Nxb2 Ng8 31. h3 Ne7 32. Nd1 f6 
33. Ne3 Kf7 34. Nc2 h6 35. h4 Ke8 36. Kh3 h5 37. Kg2 Nf5 38. Kf1 Kd7 39. Ke2 Ne7 
40. Ne3 Kc8 41. Kd3 Kb7 42. Kc3 Ba5+ 43. Kb3 Bc7 44. Ne1 Ba5 45. Nd3 Kc7 
46. f3 Kd7 47. g4 Bc7 48. Kc2 Ke8 49. Kc3 Ng8 50. Kb2 Kf8 51. Nc2 Ke7 
52. Ncb4 Kd7 53. Nc2 Ne7 54. Kc3 Ng8 55. Kb3 Nh6 56. Ne3 Ng8 57. Nc2 Ne7 
58. Ncb4 Ke8 59. Ka4 Bd8 60. Kb3 Kf7 61. Kc2 Bc7 62. Kd2 Ke8 63. Ke3 Kf7 
64. Na6 Ba5 65. Nab4 Bc7 66. Kf2 Ba5 67. Na6 Bc3 68. Ke3 Ba5 69. Nb8 Bc3 
70. Nd7 Kg7 71. Nf2 Kf7 72. Nd1 Ba5 73. Nf2 Bc3 74. Nd3 Kg7 75. Nb6 Kf7 76. Nd7 
1/2-1/2

[Event "Sunday07 January Rapid Engine Tour 12+1 Rounds 9 Starts 1600 ST"]
[Site "Infinity Chess"]
[Date "2018.1.7"]
[Round "3"]
[White "ocirema"]
[Black "Coco69"]
[Result "1/2-1/2"]
[ECO "C53"]
[WhiteElo "2436"]
[BlackElo "2423"]
[WhiteEngine "Stockfish_18010423_720_x64_modern_BYO_RW_CTG"]
[BlackEngine "BrainFish_180106_x64"]
[EventType "Swiss"]
[WhiteTeam ""]
[BlackTeam ""]
[PlyCount "60"]
[TimeControl "720+1"]

1. e4 e5 2. Nf3 Nc6 3. Bc4 Bc5 4. c3 Nf6 5. d3 O-O 6. O-O d6 7. Nbd2 a5 8. h3 h6 
9. Bb5 Be6 10. Re1 Qb8 11. Nf1 Qa7 12. Re2 a4 13. Ng3 Qa5 14. Bxc6 bxc6 
15. Nh4 Rfe8 16. Re1 d5 17. exd5 Nxd5 18. Nhf5 Qb6 19. Qg4 Bxf2+ 20. Kh1 g6 
21. Re2 Nf4 22. Bxf4 Bxf5 23. Nxf5 exf4 24. Rxe8+ Rxe8 25. Nxh6+ Kg7 26. Rf1 Be3 
27. Nf5+ Kg8 28. Nh6+ Kg7 29. Nf5+ Kg8 30. Nh6+ Kg7 1/2-1/2

[Event "Sunday07 January Rapid Engine Tour 12+1 Rounds 9 Starts 1600 ST"]
[Site "Infinity Chess"]
[Date "2018.1.7"]
[Round "3"]
[White "RonWeasley"]
[Black "KULLANI"]
[Result "1/2-1/2"]
[ECO "A00"]
[WhiteElo "2439"]
[BlackElo "2446"]
[WhiteEngine "BrainFish 060118_CTG"]
[BlackEngine "BrainFish_180106_x64_CTG"]
[EventType "Swiss"]
[WhiteTeam ""]
[BlackTeam ""]
[PlyCount "69"]
[TimeControl "720+1"]

1. a3 e5 2. e3 Nf6 3. d4 exd4 4. exd4 d5 5. Nc3 Bd6 6. Nb5 Bf5 7. Nxd6+ Qxd6 
8. Qe2+ Be6 9. f3 O-O 10. Bg5 Bd7 11. O-O-O h6 12. Bxf6 Qxf6 13. Qe5 Qxe5 
14. dxe5 c6 15. Bd3 a5 16. f4 f6 17. exf6 Rxf6 18. g3 Bg4 19. Be2 Bxe2 
20. Nxe2 Rf8 21. Rhe1 Re8 22. Nd4 Nd7 23. Rxe8+ Rxe8 24. c4 c5 25. Nf5 d4 
26. Nd6 Re6 27. Nxb7 a4 28. Kc2 Kh7 29. Rd2 Kg6 30. g4 Kf6 31. Rg2 Re4 
32. Rf2 Re6 33. Rg2 Re4 34. Rf2 Re6 35. Rg2 1/2-1/2

[Event "Sunday07 January Rapid Engine Tour 12+1 Rounds 9 Starts 1600 ST"]
[Site "Infinity Chess"]
[Date "2018.1.7"]
[Round "3"]
[White "Vimtiroba"]
[Black "Prometheus"]
[Result "1/2-1/2"]
[ECO "C50"]
[WhiteElo "2450"]
[BlackElo "2440"]
[WhiteEngine "Corchess@ T2_CTG"]
[BlackEngine "Eman 1.58-64bit-IDeA"]
[EventType "Swiss"]
[WhiteTeam ""]
[BlackTeam ""]
[PlyCount "80"]
[TimeControl "720+1"]

1. e4 e5 2. Nf3 Nc6 3. Bc4 Bc5 4. d3 d6 5. O-O Nf6 6. c3 a6 7. a4 h6 8. Nbd2 a5 
9. Re1 O-O 10. h3 Be6 11. b3 Ne7 12. Nf1 Ng6 13. Bxe6 fxe6 14. Ng3 Nd7 
15. d4 Bb6 16. Be3 Qf6 17. Nh5 Qe7 18. Ng3 Rad8 19. Ra2 Nf4 20. Kh2 Ng6 
21. Rb2 Qf7 22. b4 axb4 23. cxb4 exd4 24. Nxd4 c5 25. bxc5 dxc5 26. Nde2 c4 
27. Rf1 Nde5 28. Qb1 Bxe3 29. fxe3 Qe7 30. Rxf8+ Qxf8 31. Nd4 Rd7 32. Rxb7 Rxb7 
33. Qxb7 Qf2 34. Qc7 Kh7 35. Nh5 Ng4+ 36. hxg4 Qh4+ 37. Kg1 Qe1+ 38. Kh2 Qh4+ 
39. Kg1 Qe1+ 40. Kh2 Qh4+ 1/2-1/2

[Event "Sunday07 January Rapid Engine Tour 12+1 Rounds 9 Starts 1600 ST"]
[Site "Infinity Chess"]
[Date "2018.1.7"]
[Round "3"]
[White "KRAKEN"]
[Black "Thinker"]
[Result "1-0"]
[ECO "D30"]
[WhiteElo "2452"]
[BlackElo "2458"]
[WhiteEngine "Raubfisch X37b2_CTG"]
[BlackEngine "BrainFish_180106_x64_modern_CTG"]
[EventType "Swiss"]
[WhiteTeam ""]
[BlackTeam ""]
[PlyCount "109"]
[TimeControl "720+1"]

1. d4 d5 2. c4 e6 3. Nf3 Nf6 4. Nc3 Be7 5. Bg5 h6 6. Bh4 O-O 7. e3 b6 8. Be2 Bb7 
9. Bxf6 Bxf6 10. cxd5 exd5 11. O-O c6 12. Qc2 Re8 13. Rad1 Na6 14. Rfe1 Nc7 
15. e4 g6 16. e5 Bg7 17. h4 Bc8 18. h5 gxh5 19. g3 Bd7 20. Kh2 Ne6 21. Bd3 h4 
22. Nxh4 Nxd4 23. Bh7+ Kh8 24. Rxd4 Rxe5 25. Red1 Rh5 26. Kg1 Bxd4 27. Rxd4 Qg5 
28. Bd3 Be6 29. Nf3 Qg7 30. Rf4 Rg8 31. Qa4 c5 32. Qxa7 d4 33. Ne4 f5 
34. Qxg7+ Kxg7 35. Ned2 Kf6 36. a4 Rg4 37. Bc4 Rg8 38. b3 Rd8 39. Kg2 Rg8 
40. Ne1 Rb8 41. Nd3 Bc8 42. a5 Rg5 43. axb6 Rg4 44. Ne4+ Ke7 45. Nexc5 Rxb6 
46. Kf3 h5 47. b4 Ke8 48. Rxg4 fxg4+ 49. Kf4 Ke7 50. Ke5 Kd8 51. b5 Rh6 
52. Nf4 Kc7 53. Nd5+ Kb8 54. b6 h4 55. Nf6 1-0

[Event "Sunday07 January Rapid Engine Tour 12+1 Rounds 9 Starts 1600 ST"]
[Site "Infinity Chess"]
[Date "2018.1.7"]
[Round "3"]
[White "incredible"]
[Black "Murx"]
[Result "1/2-1/2"]
[ECO "C77"]
[WhiteElo "2471"]
[BlackElo "2454"]
[WhiteEngine "stockfish_18010422_x64_bmi2"]
[BlackEngine "BrainFish_171226_x64_modern"]
[EventType "Swiss"]
[WhiteTeam ""]
[BlackTeam ""]
[PlyCount "74"]
[TimeControl "720+1"]

1. e4 e5 2. Nf3 Nc6 3. Bb5 a6 4. Ba4 Nf6 5. O-O Be7 6. Nc3 b5 7. Bb3 d6 
8. d3 Na5 9. Bd2 Nxb3 10. axb3 Bb7 11. Ne2 O-O 12. Ng3 Re8 13. Re1 Bf8 14. c4 g6 
15. b4 bxc4 16. dxc4 Bg7 17. Bc3 h5 18. Qc2 Bc6 19. Nf1 Bh6 20. N3d2 h4 
21. h3 Nh5 22. Nh2 Rf8 23. Rad1 f5 24. c5 Nf4 25. Nhf3 fxe4 26. Nxe4 Nxh3+ 
27. gxh3 Rxf3 28. Bxe5 Rxh3 29. Qc4+ Kf8 30. f3 Qe7 31. Bf6 Qd7 32. cxd6 Rxf3 
33. Be7+ Kg7 34. Qd4+ Kf7 35. Qc4+ Kg7 36. Qd4+ Kf7 37. Qc4+ Kg7 1/2-1/2

[Event "Sunday07 January Rapid Engine Tour 12+1 Rounds 9 Starts 1600 ST"]
[Site "Infinity Chess"]
[Date "2018.1.7"]
[Round "3"]
[White "fati64"]
[Black "Marsell"]
[Result "1/2-1/2 "]
[ECO "C55"]
[WhiteElo "2494"]
[BlackElo "2473"]
[WhiteEngine "Raubfisch ME262_GTZ16b1."]
[BlackEngine "asmFishW_2017-12-07_popcnt"]
[EventType "Swiss"]
[WhiteTeam ""]
[BlackTeam ""]
[PlyCount "244"]
[TimeControl "720+1"]

1. e4 e5 2. Nf3 Nc6 3. Bc4 Nf6 4. d3 Bc5 5. c3 d6 6. O-O O-O 7. h3 a6 8. Re1 Ba7 
9. a4 h6 10. Nbd2 Re8 11. Bb3 Be6 12. Bxe6 Rxe6 13. b4 d5 14. Qc2 d4 
15. Bb2 dxc3 16. Bxc3 a5 17. b5 Nb4 18. Bxb4 axb4 19. Nc4 Nd7 20. a5 Rf6 
21. Qe2 Bc5 22. Reb1 c6 23. b6 Re6 24. Qc2 Qf6 25. Ncd2 Ree8 26. g3 Ra6 
27. Kg2 Raa8 28. Rd1 Bf8 29. Nb3 Rad8 30. Qc4 Nb8 31. Rd2 h5 32. h4 c5 
33. Rf1 Nd7 34. Ng5 Be7 35. Rc2 Rf8 36. Ra1 Qc6 37. Nf3 Rfe8 38. Nh2 Qg6 
39. Nf3 Bf8 40. Ng5 Rb8 41. Nd2 Ra8 42. Qb5 Rad8 43. Nf1 Nb8 44. Ne3 Nc6 
45. Nf5 Rd7 46. a6 bxa6 47. Rxa6 Rb7 48. Rca2 Reb8 49. Qc4 b3 50. Qxb3 Nb4 
51. Ra7 Nxa2 52. Qxa2 Qxb6 53. Ne7+ Rxe7 54. Rxe7 Qb3 55. Qxb3 Rxb3 
56. Rxf7 Rxd3 57. Rc7 Rd8 58. Ne6 Re8 59. Nxf8 Kxf8 60. Rxc5 Re6 61. f3 Kf7 
62. Kh3 Kf6 63. g4 hxg4+ 64. fxg4 g5 65. h5 Kg7 66. Kg2 Kh7 67. Kf1 Rf6+ 
68. Kg2 Re6 69. Kg3 Kh6 70. Kf2 Rf6+ 71. Kg3 Re6 72. Kf2 Rf6+ 73. Kg2 Re6 
74. Kf3 Rf6+ 75. Kg2 Re6 76. Kg3 Kg7 77. Kf3 Rf6+ 78. Kg2 Re6 79. Kh3 Kh7 
80. Rb5 Kg7 81. Rb1 Ra6 82. Re1 Kh6 83. Re2 Ra1 84. Rd2 Ra3+ 85. Kg2 Ra6 
86. Kg3 Rc6 87. Rd5 Rc3+ 88. Kf2 Rc2+ 89. Ke3 Rc3+ 90. Kf2 Rc2+ 91. Ke3 Rc3+ 
92. Rd3 Rc6 93. Kf2 Kg7 94. Rd5 Rf6+ 95. Kg3 Re6 96. Kf3 Rf6+ 97. Kg3 Re6 
98. Rd2 Rc6 99. Rd7+ Kh6 100. Rd1 Ra6 101. Kh3 Ra3+ 102. Kg2 Ra2+ 103. Kf1 Ra6 
104. Rd2 Rf6+ 105. Kg2 Rb6 106. Re2 Rc6 107. Ra2 Rb6 108. Ra1 Kg7 109. h6+ Kxh6 
110. Ra5 Rb4 111. Ra6+ Kh7 112. Ra1 Rb2+ 113. Kf3 Rb3+ 114. Kg2 Kh6 
115. Ra6+ Kh7 116. Ra1 Rb2+ 117. Kf1 Kg6 118. Ra6+ Kf7 119. Ra1 Kf6 
120. Ra5 Rb1+ 121. Kf2 Rb3 122. Ra6+ Kf7 1/2-1/2

[Event "Sunday07 January Rapid Engine Tour 12+1 Rounds 9 Starts 1600 ST"]
[Site "Infinity Chess"]
[Date "2018.1.7"]
[Round "3"]
[White "Victorious"]
[Black "THE_MACHINE"]
[Result "1/2-1/2"]
[ECO "A05"]
[WhiteElo "2500"]
[BlackElo "2523"]
[WhiteEngine "Houdini 6"]
[BlackEngine "BrainFish_180106_x64_bmi2"]
[EventType "Swiss"]
[WhiteTeam ""]
[BlackTeam ""]
[PlyCount "133"]
[TimeControl "720+1"]

1. Nf3 Nf6 2. d4 d5 3. e3 c5 4. Nbd2 e6 5. b3 Nbd7 6. Bb2 b6 7. c4 Bd6 
8. Bd3 O-O 9. O-O Bb7 10. Qe2 cxd4 11. exd4 Qe7 12. Ne5 Ba3 13. Bxa3 Qxa3 
14. Qe3 Rad8 15. Ndf3 h6 16. Rfe1 Rc8 17. h3 Qe7 18. Rad1 Rfe8 19. a4 a5 
20. g4 Nxe5 21. dxe5 Nd7 22. Nd4 Nc5 23. Nb5 Nxd3 24. Rxd3 Rc5 25. Nd6 Rf8 
26. h4 dxc4 27. bxc4 Qxh4 28. Nxb7 Qxg4+ 29. Kf1 Rxc4 30. Nd6 Rxa4 31. Qxb6 Qh5 
32. Qb7 Rg4 33. Qf3 Qg5 34. Qe3 Rg1+ 35. Ke2 Qh5+ 36. Kd2 Rxe1 37. Qxe1 Rb8 
38. Qa1 Qh4 39. Qd4 Qh1 40. Rc3 a4 41. Rc8+ Rxc8 42. Nxc8 Qa8 43. Nb6 Qa5+ 
44. Kc1 a3 45. Kb1 a2+ 46. Ka1 h5 47. Nc4 Qd5 48. Qh4 Qd1+ 49. Kxa2 Qf3 
50. Ne3 Qe2+ 51. Ka3 Qa6+ 52. Kb2 Qb5+ 53. Kc2 Qxe5 54. Kd2 f6 55. Qa4 Kh7 
56. f4 Qb2+ 57. Ke1 Kh6 58. Qc4 Qb6 59. Ke2 g5 60. Qc3 gxf4 61. Qxf6+ Kh7 
62. Qxf4 Qb7 63. Kd2 Qb2+ 64. Nc2 Qb5 65. Qf7+ Kh8 66. Qxe6 Qg5+ 67. Ne3 1/2-1/2